Map: Terraform LE (Void)

Players

wabbajack - Winner!

  • Race: Zerg Zerg
  • League: Gold

Uri

  • Race: Zerg Zerg
  • League: Silver

VOD

Have the link to the VOD?

Description

Time

  • Played on: July 18, 2015, 5:38 p.m.
  • Length: 6:42
Show
View Real Time Build Order
Export as new Build Order

wabbajack Zerg - Winner!

Build Orders: Hatch First 

Get SALT Encoding   

  12  0:01  Drone  
  13  0:14  Overlord  
  13  0:18  Drone  
  14  0:27  Extractor  
  13  0:29  Drone  
  13  0:35  Drone  
  16  0:36  Drone  
  17  0:56  Hatchery  
  16  1:00  Drone, Extractor  
  16  1:03  Drone  
  17  1:13  Drone  
  18  1:19  Drone  
  19  1:25  Spawning Pool  
  19  1:30  Drone  
  19  1:43  Overlord  
  19  2:00  Drone  
  20  2:02  Drone  
  20  2:08  Drone  
  22  2:12  Queen  
  22  2:13  Metabolic Boost  
  22  2:14  Queen  
  26  2:18  Zergling x2  
  26  2:20  Zergling x2  
  28  2:27  Drone  
  29  2:30  Drone  
  30  2:38  Roach Warren, Drone  
  30  2:41  Drone  
  31  2:46  Spine Crawler  
  30  2:53  Queen  
  30  2:58  Overlord  
  32  3:03  Overlord  
  32  3:08  Extractor  
  31  3:24  Drone x2  
  33  3:31  Roach x5  
  43  3:35  Overlord  
  41  3:55  Roach  
  43  3:56  Roach x4  
  51  4:11  Roach x3  
  51  4:12  Roach  
  59  4:17  Overlord  
  59  4:24  Lair  
  59  4:28  Overlord  
  59  4:44  Zergling x12  
  59  4:45  Zergling x2  
  66  4:57  Drone x5  
  71  5:01  Overlord  
  71  5:26  Ravager  
  72  5:34  Overlord  
  72  5:35  Zergling x2  
  73  5:36  Zergling x14  
  80  5:42  Overlord  
  78  5:50  Hydralisk Den  
  78  5:51  Drone x2  
  78  5:52  Evolution Chamber  
  78  5:53  Hatchery  
  78  5:54  Drone  
Show
View Real Time Build Order
Export as new Build Order

Uri Zerg 

Build Orders: Hatch First 

Get SALT Encoding   

  12  0:02  Drone  
  13  0:13  Overlord  
  13  0:19  Drone  
  14  0:32  Drone x2  
  16  0:35  Drone  
  17  0:47  Drone  
  18  0:57  Hatchery  
  18  1:03  Extractor  
  16  1:13  Spawning Pool  
  15  1:19  Drone x2  
  15  1:22  Drone  
  18  1:31  Drone  
  19  1:41  Overlord  
  19  2:03  Drone x2  
  19  2:06  Queen  
  23  2:09  Queen  
  23  2:11  Zergling x2  
  23  2:15  Drone  
  27  2:18  Metabolic Boost  
  27  2:22  Drone  
  28  2:31  Roach Warren  
  28  2:32  Drone  
  28  2:34  Drone  
  29  2:40  Drone  
  30  2:53  Drone x3  
  33  3:09  Spine Crawler  
  31  3:13  Roach x2  
  31  3:18  Overlord  
  31  3:19  Overlord  
  35  3:43  Roach x8  
  51  3:51  Drone  
  51  3:55  Extractor x2  
  50  4:03  Evolution Chamber x2  
  50  4:06  Drone  
  50  4:07  Drone x3  
  52  4:39  Zerg Missile Weapons Level 1  
  52  4:44  Overlord x2  
  52  5:08  Overlord x2  
  52  5:10  Roach x4  
  58  5:28  Roach  
  58  5:29  Roach x6  
  63  5:43  Zergling x2  
  63  5:44  Zergling x2  
  57  6:01  Zergling x6  
  57  6:02  Zergling x2  
Tags
 
Add a new tag
Caveats
  • Supply blocks, unpowered buildings, or Contaminate may cause inaccurate times.
  • Supply counts are checked every 10 seconds.